 Dungeon Crawl Stone Soup version 0.27.1-16-g815e20cd7a (webtiles) character file.

Game seed: 595137040767148082

10 Descartes the Grasshopper (level 2, -5/13 HPs)
             Began as a Felid Warper on Nov 23, 2021.
             Slain by a gnoll (9 damage)
             ... on level 2 of the Dungeon.
             The game lasted 00:01:47 (1394 turns).

Descartes the Grasshopper (Felid Warper)            Turns: 1394, Time: 00:01:48

Health: -5/13      AC:  1    Str:  7    XL:     2   Next: 10%
Magic:  6/6        EV: 18    Int: 14    God:
Gold:   96         SH:  0    Dex: 15    Spells: 5/5 levels left
                                        Lives:  0   Deaths: 0

rFire    . . .     SeeInvis +     - Unarmed
rCold    . . .     Faith    .   (shield unavailable)
rNeg     . . .     Spirit   .   (armour unavailable)
rPois    .         Reflect  .   (helmet unavailable)
rElec    .         Harm     .   (cloak unavailable)
rCorr    .         Rampage  .   (gloves unavailable)
Will     .....                  (boots unavailable)
Stlth    +.........             (no amulet)
HPRegen  0.04/turn              (no ring)
MPRegen  0.10/turn              (no ring)

@: quick
A: very small, claws 1, fangs 3, see invisible, speed 1, shaggy fur 1, stealthy
paws, no weapons or thrown items, no armour, multi-lived
a: no special abilities


You were on level 2 of the Dungeon.
You visited 1 branch of the dungeon, and saw 2 of its levels.

You collected 96 gold pieces.

Inventory:

Missiles
 d - 68 stones
Scrolls
 a - a scroll of blinking
 g - 3 scrolls of identify {unknown}
Potions
 b - a potion of flight {unknown}
 c - a potion of degeneration {unknown}
 e - a potion of cancellation {unknown}
 f - a potion of ambrosia {unknown}
 h - a potion of lignification {unknown}


   Skills:
 - Level 2.0 Fighting
 * Level 3.7 Dodging
 + Level 2.2 Unarmed Combat
 - Level 2.0 Spellcasting
 + Level 4.6 Translocations


You had 5 spell levels left.
You didn't know any spells.
Your spell library contained the following spells:

 Spells                   Type           Power      Damage    Failure   Level
 Blink                    Tloc           N/A        N/A       5%          2
 Gell's Gravitas          Tloc           7%         N/A       11%         3
 Lesser Beckoning         Tloc           7%         N/A       11%         3
 Teleport Other           Tloc           14%        N/A       11%         3
 Manifold Assault         Tloc           14%        N/A       69%         5


Dungeon Overview and Level Annotations

Branches:
Dungeon (2/15)

Altars:


Innate Abilities, Weirdness & Mutations

You have sharp claws.
You have razor-sharp teeth.
You have supernaturally acute eyesight. (SInv)
You cover ground quickly. (Speed+)
You are covered in fur. (AC +1)
Your paws help you pounce on unaware monsters.
You are incapable of wielding weapons or throwing items.
You cannot wear armour.
You gain extra lives every three experience levels.


Message History

The hobgoblin barely misses you.
You scratch the hobgoblin.
You kill the hobgoblin!
No target in view!
No target in view!
No target in view!
No target in view!
No target in view!
No target in view!
No target in view!
No target in view!
A gnoll comes into view. It is wielding a +0 spear.
The gnoll shouts! x2; You hear a shout!
The gnoll drinks a potion.
The gnoll suddenly seems more resistant.
A quokka comes into view.
The gnoll misses you.
A bat comes into view.
You scratch the gnoll. You bite the gnoll.
The gnoll is moderately wounded.
A gnoll comes into view. It is wielding a +0 whip.
The gnoll shouts!
You scratch the gnoll.
The gnoll is heavily wounded.
The gnoll misses you. The gnoll closely misses you.
You closely miss the gnoll. You bite the gnoll.
The gnoll is severely wounded.
The gnoll hits you with a +0 spear. The gnoll barely misses you.
You are too injured to fight recklessly!
You are too injured to fight recklessly!
You are too injured to fight recklessly!
You are too injured to fight recklessly!
You are too injured to fight recklessly!
You are too injured to fight recklessly!
You are too injured to fight recklessly!
You are too injured to fight recklessly!
The bat hits you.
The gnoll hits you from afar with a +0 spear!
Ouch! That really hurt!
You die...

#..#########.......#..
#.# #.......#.#. #.
........... #
#..#.#.... ###.#g##.##
##...#r....#
###..#.#gg.#.# .
.#........#...#.#
.........@b......
...####.....##.....
......?....<#..#...
##.###...........#
#.....##....# ##..#..#
...# ...###.# ..#
..#### .# ## # ..


You could see 3 gnolls, a quokka and a bat.

Vanquished Creatures
  A ball python (D:1)
  An endoplasm (D:2)
  2 giant cockroaches (D:1)
  A goblin (D:1)
  A hobgoblin (D:2)
  A quokka (D:2)
  A rat (D:1)
8 creatures vanquished.

Notes
Turn   | Place    | Note
-------+----------+-------------------------------------------
     0 | D:1      | Descartes the Felid Warper began the quest for the Orb.
     0 | D:1      | Reached XP level 1. HP: 9/9 MP: 4/4
   526 | D:1      | Found a faded altar of an unknown god.
  1327 | D:2      | Reached XP level 2. HP: 13/13 MP: 6/6
  1394 | D:2      | Slain by a gnoll

Illustrated notes

Levels and vault maps discovered:
D:1:      onia_arrival_mini_spirals, layout_loops_cross,
          ebering_ecumenical_altar_sacrificial, st_stairs_2
D:2:      layout_rooms, minmay_diced_spiral

Action                   || total
-------------------------++-------
Melee: Unarmed           ||    40
       Bite              ||     6
       Punch             ||     1
 Stab: Sleeping          ||     1
Dodge: Dodged            ||    30
